 Dungeon Crawl Stone Soup version 0.27-a0-1147-gb3d8e82157 (webtiles) character file.

Game seed: 5119753692386919116

4 shoop the Twirler (level 1, 16/20 HPs)
             Began as an Ogre Wanderer on May 11, 2021.
             Got out of the dungeon alive.
             The game lasted 00:00:37 (385 turns).

shoop the Twirler (Ogre Wanderer)                    Turns: 385, Time: 00:00:37

Health: 16/20      AC:  3    Str: 15    XL:     1   Next: 60%
Magic:  2/2        EV:  9    Int: 12    God:
Gold:   10         SH:  0    Dex:  9    Spells: 2/2 levels left

rFire    . . .     SeeInvis .   a - +0 club
rCold    . . .     Faith    .   (no shield)
rNeg     . . .     Spirit   .   d - +0 robe
rPois    .         Reflect  .   (helmet restricted)
rElec    .         Harm     .   (no cloak)
rCorr    .         Rampage  .   (gloves unavailable)
Will     .....                  (boots unavailable)
Stlth    +.........             (no amulet)
HPRegen  0.06/turn              (no ring)
MPRegen  0.08/turn              (no ring)

@: no status effects
A: large, unfitting armour, tough skin 1
a: no special abilities


You escaped.
You visited 1 branch of the dungeon, and saw 1 of its levels.

You collected 10 gold pieces.

Inventory:

Hand Weapons
 a - a +0 club (weapon)
Armour
 d - a +0 robe (worn)
Potions
 b - a potion of lignification
 e - a potion of berserk rage {unknown}
Miscellaneous
 c - a piece from Xom's chessboard (15/15) (quivered)


   Skills:
 + Level 2.2 Fighting
 - Level 3.0 Staves
 - Level 1.0 Throwing
 - Level 1.0 Stealth
 - Level 1.2 Spellcasting
 - Level 1.0 Translocations
 - Level 1.0 Fire Magic
 - Level 1.0 Evocations


You had 2 spell levels left.
You didn't know any spells.
Your spell library contained the following spells:

 Spells                   Type           Power      Damage    Failure   Level
 Blink                    Tloc           N/A        N/A       30%         2
 Gell's Gravitas          Tloc           1%         N/A       52%         3
 Lesser Beckoning         Tloc           1%         N/A       52%         3
 Teleport Other           Tloc           3%         N/A       52%         3
 Manifold Assault         Tloc           3%         N/A       99%         5


Dungeon Overview and Level Annotations

Branches:
Dungeon (1/15)

Altars:


Innate Abilities, Weirdness & Mutations

You are too large for most types of armour.
You have tough skin. (AC +1)


Message History

The hobgoblin hits you.
* * * LOW HITPOINT WARNING * * *
You hit the hobgoblin.
You kill the hobgoblin!
Your Fighting skill increases to level 2!
HP restored.
Things that are here:
a +0 dagger; a hobgoblin skeleton
e - a golden potion
Found 24 arrows.
You see here 24 arrows.
A ball python comes into view.
Found a stone staircase leading down.
The ball python hisses angrily.
Found a scroll labelled DOWA OCEWA.
Found a stone staircase leading down.
You closely miss the ball python. The ball python completely misses you.
You closely miss the ball python. The ball python bites you. x2
You closely miss the ball python.
The ball python bites you but does no damage.
You closely miss the ball python. The ball python bites you.
The ball python bites you but does no damage.
You hit the ball python.
The ball python is moderately wounded.
The ball python bites you.
You hit the ball python.
You kill the ball python!
No target in view!
No target in view!
No target in view!
You see here a ball python corpse.
There is a stone staircase leading down here.
As you open the door, it creaks loudly!
There is an open door here.
Things that are here:
a +0 dagger; a hobgoblin skeleton
There is an open door here.
There is a staircase leading out of the dungeon here.
Are you sure you want to leave the Dungeon?
This will make you lose the game!
You have escaped!

##### ######.@.######
###.............###
###.................#
####
#.'.................+
...#
#.#.................#
.#.#
#)###.............###
...###.# ###.........###
.......### ###.....###
.........###.........###


There were no monsters in sight!

Vanquished Creatures
  A ball python (D:1)
  A goblin (D:1)
  A hobgoblin (D:1)
3 creatures vanquished.

Notes
Turn   | Place    | Note
-------+----------+-------------------------------------------
     0 | D:1      | shoop the Ogre Wanderer began the quest for the Orb.
     0 | D:1      | shoop set off with the following items: a +0 club, a potion
                  | of lignification, a piece from Xom's chessboard (15/15), a
                  | +0 robe; and the following spells available to memorise:
                  | Blink, Gell's Gravitas, Lesser Beckoning, Teleport Other,
                  | Manifold Assault
     0 | D:1      | Reached XP level 1. HP: 19/19 MP: 2/2
   385 | D:$      | Got out of the dungeon alive.

Illustrated notes

Levels and vault maps discovered:
D:1:      nzn_arrival_depleted_hourglass, layout_loops_corners, hex_medium

Skill      XL: |  1 |
---------------+----+-----
Fighting       | 2 |  2.2
Staves         | |  3.0
Throwing       | |  1.0
Stealth        | |  1.0
Spellcasting   | |  1.2
Translocations | |  1.0
Fire Magic     | |  1.0
Evocations     | |  1.0

Action                   || total
-------------------------++-------
Melee: Club              ||    21
Armor: Robe              ||     4
Dodge: Dodged            ||     9

Table legend: (Time is in decaauts)
 A = Elapsed time spent in this place.
 B = Non-inter-level travel time spent in this place.
 C = Inter-level travel time spent in this place.
 D = Time resting spent in this place.
 E = Time spent auto-exploring this place.
 F = Levels seen in this place.
 G = Mean time per level.
                   A        B        C        D        E       F      G
               +--------+--------+--------+--------+--------+-----+--------+
         Total |    389 |    351 |     38 |      0 |    310 |   1 |  389.0 |
       Dungeon |    389 |    351 |     38 |      0 |    310 |   1 |  389.0 |
               +--------+--------+--------+--------+--------+-----+--------+

Top non-repeatable levels by time:
     D:1: 389 daAuts
